 Dungeon Crawl Stone Soup version 0.22-a0-126-g307c7c3 (webtiles) character file.

54145 Lathuz the Severer (level 14, -13/135 HPs)
             Began as a Minotaur Berserker on Jan 30, 2018.
             Was an Elder of Trog.
             Hit by a large rock thrown by a cyclops (18 damage)
             ... on level 12 of the Dungeon.
             The game lasted 00:52:31 (20211 turns).

Lathuz the Severer (Minotaur Berserker)            Turns: 20211, Time: 00:52:32

Health: -13/135    AC: 24    Str: 26    XL:     14   Next: 33%
Magic:  4/4        EV:  9    Int:  4    God:    Trog [****..]
Gold:   915        SH:  0    Dex: 11    Spells: 13/13 levels left

rFire    + + .     SeeInvis .   h - +5 battleaxe (antimagic)
rCold    . . .     Gourm    .   (shield currently unavailable)
rNeg     + . .     Faith    .   O - +0 plate armour
rPois    .         Spirit   .   (helmet restricted)
rElec    +         Reflect  .   D - +1 cloak
rCorr    .         Harm     .   r - +0 pair of gloves
MR       +....                  K - +2 pair of boots {Fly}
Stlth    ..........             (no amulet)
HPRegen  0.32/turn              V - ring of positive energy
MPRegen  0.09/turn              S - ring "Tiwet" {rElec rF++ Slay+2 Stlth-}

@: flying
A: retaliatory headbutt, horns 2
a: Berserk, Trog's Hand, Brothers in Arms, Burn Spellbooks, Renounce Religion,
Stop Flying


You were on level 12 of the Dungeon.
You worshipped Trog.
Trog was greatly pleased with you.
You were not hungry.

You visited 3 branches of the dungeon, and saw 19 of its levels.
You also visited: Bailey.

You collected 1347 gold pieces.
You spent 432 gold pieces at shops.

Inventory:

Hand Weapons
 h - a +5 antimagic battleaxe (weapon)
Missiles
 g - 361 stones
 B - 5 tomahawks (quivered)
 C - a throwing net
 F - 12 needles of sleeping
Armour
 m - the cursed +0 pair of gloves of the Eternal Void {rPois rN++ Str-4 Dex-5, unknown}
   (You found it on level 6 of the Lair of Beasts)

   It affects your strength (-4).
   It affects your dexterity (-5).
   It protects you from poison.
   It greatly protects you from negative energy.
   It has a curse placed upon it.
 r - a +0 pair of gloves (worn)
 D - a +1 cloak (worn)
 K - a +2 pair of boots of flying (worn)
 O - a +0 plate armour (worn)
Jewellery
 A - a cursed +3 ring of dexterity {unknown}
 P - an uncursed ring of protection from fire
 S - the ring "Tiwet" (right hand) {rElec rF++ Slay+2 Stlth-}
   (You found it on level 4 of the Lair of Beasts)

   [ring of loudness]

   It affects your accuracy and damage with ranged weapons and melee attacks
   (+2).
   It greatly protects you from fire.
   It insulates you from electricity.
   It makes you less stealthy.
 V - a ring of positive energy (left hand)
Wands
 a - a wand of clouds (6)
 y - a wand of polymorph (23)
 Q - a wand of digging (15)
 R - a wand of enslavement (15)
Scrolls
 d - 5 scrolls of teleportation
 e - 5 scrolls of magic mapping
 k - 2 scrolls of fog {unknown}
 l - 7 scrolls of amnesia {unknown}
 o - 3 scrolls of fear {unknown}
 s - 4 scrolls of enchant weapon {unknown}
 v - 3 scrolls of noise {unknown}
 w - 6 scrolls of remove curse
 z - a scroll of vulnerability {unknown}
 G - a scroll of blinking {unknown}
 H - 2 scrolls of immolation {unknown}
 J - a scroll of summoning {unknown}
 L - a scroll of enchant armour {unknown}
 M - a scroll of silence {unknown}
 T - a scroll of brand weapon {unknown}
 W - a scroll of random uselessness {unknown}
Potions
 b - 2 potions of haste
 f - a potion of berserk rage {unknown}
 i - 3 potions of lignification
 j - 8 potions of curing
 n - 3 potions of heal wounds
 p - 6 potions of might
 q - a potion of brilliance
 t - 3 potions of degeneration
 u - 6 potions of magic
 E - 2 potions of mutation
 N - 2 potions of invisibility
Comestibles
 c - 43 rations
 x - 2 chunks of flesh


   Skills:
 + Level 15.0 Fighting
 * Level 19.8 Axes
 + Level 14.8 Armour
 - Level 2.1 Dodging


You had 13 spell levels left.
You didn't know any spells.

Dungeon Overview and Level Annotations

Branches:
Dungeon (12/15)            Temple (1/1) D:6            Lair (6/6) D:8
 Shoals (0/4) Lair:2       Spider (0/4) Lair:2        Slime (0/5) Lair:5
    Orc (0/2) D:11

Altars:
Ashenzari
Cheibriados
Dithmenos
Elyvilon
Fedhas
Gozag
Hepliaklqana
Kikubaaqudgha
Makhleb
Nemelex Xobeh
Okawaru
Qazlal
Ru
Sif Muna
Trog
Uskayaw
Vehumet
Wu Jian
Xom
Yredelemnul
Zin
The Shining One

Shops:
D:5 }?   D:10 [


Innate Abilities, Weirdness & Mutations

You reflexively headbutt those who attack you in melee.
You have a pair of horns on your head.


Message History

Your two-headed ogre is no longer covered in acid.
Your two-headed ogre barely misses the skeletal warrior.
Your two-headed ogre hits the skeletal warrior with a giant spiked club!
The cyclops throws a large rock.
The large rock hits you!!
* * * LOW HITPOINT WARNING * * *
The skeletal warrior hits your two-headed ogre with a halberd!
You see here a large rock.
Your two-headed ogre hits the skeletal warrior with a giant club!!!
Your two-headed ogre barely misses the skeletal warrior.
Your two-headed ogre hits the skeletal warrior with a giant club.
Your two-headed ogre hits the skeletal warrior with a giant spiked club!!
The skeletal warrior is destroyed!
Trog accepts your kill.
Your Fighting skill increases to level 15!
You hear an angry hiss.
The cyclops throws a large rock.
The large rock hits you!
* * * LOW HITPOINT WARNING * * *
You see here a large rock.
The cyclops throws a large rock.
The large rock hits you!!
You die...

#..# #.)# . #..#
..####.)#
..C.O...########
........(........#
##....([.)#####..#
#.#####(%# #..# #.@#
#..# #..#####..#
###.........#######
......................
.....................#
.......#####>........#
........# #.........#
........# #<........#
........# #.).......#


You could see a cyclops and a friendly two-headed ogre (berserk).

Vanquished Creatures
  Gastronok (D:8)
  Snorg (D:12)
  4 hydras
  Harold (Lair:3)
  An ice dragon (Lair:6)
  An anaconda (Lair:6)
  A death knight (D:12)
  3 two-headed ogres
  4 death yaks
  2 skeletal warriors
  A lindwurm (Lair:6)
  An ugly thing (D:11)
  3 black mambas
  Maurice (D:8)
  Joseph (D:8)
  11 elephants
  5 torpor snails (Lair:6)
  8 spiny frogs
  A freezing wraith (D:11)
  5 komodo dragons
  5 rime drakes
  2 trolls
  4 merfolk (Lair:2)
  5 blink frogs (Lair:5)
  6 hornets (Lair:6)
  5 polar bears (Lair:6)
  3 tyrant leeches (Lair:6)
  6 hippogriffs
  2 raiju (Lair:6)
  33 yaks
  2 redbacks (Lair:2)
  A spriggan (D:9)
  A water elemental (D:11)
  3 wyverns
  2 wraiths (D:11)
  2 basilisks
  3 wargs (Lair:6)
  The ghost of Lathuz the Skirmisher, an amateur GrFi (D:3)
  A soldier ant (D:10)
  Duvessa (D:7)
  15 hell hounds (Lair:6)
  15 water moccasins
  14 porcupines
  5 ice beasts
  7 orc warriors
  13 black bears
  2 phantoms
  2 ogres
  3 sky beasts
  14 wolves
  A necrophage (D:8)
  15 crocodiles
  5 centaurs
  10 bullfrogs
  Dowan (D:7)
  A water moccasin skeleton (D:8)
  A scorpion (D:8)
  3 wights (D:7)
  2 electric eels (D:11)
  2 howler monkeys
  4 crimson imps
  A quasit (D:7)
  4 hounds
  9 orc priests
  Crazy Yiuf (D:4)
  4 bullfrog skeletons
  6 jellies
  19 orc wizards
  Jessica (D:4)
  5 iguanas
  9 worker ants
  6 hell rats (Lair:5)
  2 howler monkey skeletons
  11 adders
  A shadow imp (D:8)
  An ooze (D:2)
  2 adder zombies
  A worm (D:2)
  3 dart slugs
  3 leopard geckos
  38 orcs
  2 ball pythons
  6 bats
  6 giant cockroaches
  10 goblins
  7 hobgoblins
  5 jackals
  4 quokkas
  A ball python skeleton (D:4)
  5 frilled lizards
  A giant cockroach zombie (D:5)
  7 kobolds
  6 rats
  8 plants
474 creatures vanquished.

Vanquished Creatures (collateral kills)
  2 skeletal warriors (D:12)
  A cyclops (D:11)
  An ugly thing (D:12)
  4 polar bears (Lair:6)
  A warg (Lair:6)
  A black bear (Lair:6)
  An orc warrior (D:11)
  2 wolves (Lair:6)
  A crocodile (Lair:3)
  An orc priest (D:12)
  2 orcs (D:11)
17 creatures vanquished.

Vanquished Creatures (others)
  9 plants (Lair:6)
9 creatures vanquished.

Grand Total: 500 creatures vanquished

Notes
Turn   | Place    | Note
-------+----------+-------------------------------------------
     0 | D:1      | Lathuz the Minotaur Berserker began the quest for the Orb.
     0 | D:1      | Reached XP level 1. HP: 19/19 MP: 0/0
    97 | D:1      | Reached skill level 4 in Axes
    97 | D:1      | Reached XP level 2. HP: 27/27 MP: 1/1
   805 | D:1      | Reached ** piety under Trog
   939 | D:2      | Reached XP level 3. HP: 33/33 MP: 2/2
   962 | D:2      | Found an iron altar of Okawaru.
  1060 | D:2      | Found a sparkling altar of Nemelex Xobeh.
  1199 | D:2      | Reached XP level 4. HP: 40/40 MP: 3/3
  1214 | D:2      | Reached skill level 5 in Axes
  1552 | D:2      | Found a shattered altar of Ashenzari.
  1744 | D:2      | Found a stormy altar of Qazlal.
  1966 | D:3      | Found an iron altar of Okawaru.
  1971 | D:3      | Found a basalt altar of Yredelemnul.
  2001 | D:3      | Noticed Lathuz's ghost (amateur GrFi)
  2010 | D:3      | Killed Lathuz's ghost
  2010 | D:3      | Reached skill level 6 in Axes
  2010 | D:3      | Reached XP level 5. HP: 47/47 MP: 4/4
  2026 | D:3      | Reached skill level 5 in Fighting
  2108 | D:3      | Found a hazy altar of Hepliaklqana.
  2109 | D:3      | Found a shimmering altar of Xom.
  2109 | D:3      | Noticed a yak
  2110 | D:3      | Noticed a spectral ugly thing
  2110 | D:3      | Noticed a yak
  2258 | D:3      | Found a blossoming altar of Fedhas.
  2367 | D:3      | Found a sacrificial altar of Ru.
  2374 | D:3      | Reached XP level 6. HP: 50/56 MP: 5/5
  2422 | D:3      | Found a stormy altar of Qazlal.
  2851 | D:4      | Got a blackened scale mail
  3096 | D:4      | Found a sparkling altar of Nemelex Xobeh.
  3096 | D:4      | Noticed Jessica
  3100 | D:4      | Killed Jessica
  3135 | D:4      | Identified the cursed +1 scale mail "Fyavupre" {Int+4} (You found it on level 4 of the Dungeon)
  3313 | D:4      | Reached skill level 7 in Axes
  3583 | D:4      | Found a white marble altar of Elyvilon.
  3687 | D:4      | Found a runed door.
  3716 | D:4      | Noticed Crazy Yiuf
  3722 | D:4      | Killed Crazy Yiuf
  3835 | D:4      | Reached skill level 5 in Armour
  4114 | D:5      | Entered Level 5 of the Dungeon
  4160 | D:5      | Reached *** piety under Trog
  4189 | D:5      | Reached XP level 7. HP: 44/62 MP: 6/6
  4309 | D:5      | Found an ancient bone altar of Kikubaaqudgha.
  4407 | D:5      | Found Retirgh's Magic Scroll Shop.
  4415 | D:5      | Bought a scroll of torment for 82 gold pieces
  4415 | D:5      | Bought a scroll of magic mapping for 38 gold pieces
  4415 | D:5      | Bought a scroll of remove curse for 33 gold pieces
  4456 | D:5      | Found Ocis's Gadget Boutique.
  4672 | D:5      | Reached skill level 8 in Axes
  5292 | D:6      | Found a staircase to the Ecumenical Temple.
  5304 | Temple   | Entered the Ecumenical Temple
  5449 | D:6      | Reached XP level 8. HP: 65/71 MP: 7/7
  5547 | D:6      | Reached skill level 9 in Axes
  5745 | D:6      | Found an opulent altar of Gozag.
  6052 | D:6      | Reached skill level 10 in Axes
  6208 | D:7      | Noticed a hippogriff
  6224 | D:7      | Killed a hippogriff
  6311 | D:7      | Reached XP level 9. HP: 81/81 MP: 8/8
  6607 | D:7      | Received a gift from Trog
  6965 | D:7      | Reached skill level 11 in Axes
  7026 | D:7      | Noticed Duvessa
  7028 | D:7      | Noticed Dowan
  7037 | D:7      | Killed Duvessa
  7041 | D:7      | Killed Dowan
  7235 | D:7      | Found a deep blue altar of Sif Muna.
  7750 | D:8      | Reached skill level 12 in Axes
  7765 | D:8      | Noticed Maurice
  7777 | D:7      | Reached **** piety under Trog
  7874 | D:8      | Killed Maurice
  7874 | D:8      | Reached XP level 10. HP: 91/91 MP: 9/9
  7875 | D:8      | Noticed a two-headed ogre
  7913 | D:8      | Killed a two-headed ogre
  7913 | D:8      | Reached skill level 13 in Axes
  8009 | D:8      | Reached skill level 10 in Fighting
  8027 | D:8      | Found a staircase to the Lair.
  8086 | D:8      | Noticed Gastronok
  8111 | D:8      | Killed Gastronok
  8111 | D:8      | Reached skill level 14 in Axes
  8111 | D:8      | Reached skill level 10 in Armour
  8193 | D:8      | Found a flagged portal.
  8200 | Bailey   | Entered a bailey
  8638 | D:8      | Noticed Joseph
  8660 | D:8      | Killed Joseph
  8660 | D:8      | Reached XP level 11. HP: 101/101 MP: 10/10
  9291 | D:9      | Noticed a two-headed ogre
  9299 | D:9      | Killed a two-headed ogre
  9510 | D:10     | Entered Level 10 of the Dungeon
  9511 | D:10     | Noticed a two-headed ogre
  9516 | D:10     | Killed a two-headed ogre
  9543 | D:10     | Found a shattered altar of Ashenzari.
  9705 | D:10     | Reached skill level 15 in Axes
  9791 | D:10     | Found a burning altar of Makhleb.
 10048 | D:10     | Found Ystrugar's Armour Shoppe.
 10056 | D:10     | Bought a +2 pair of boots of flying for 279 gold pieces
 10213 | Lair:1   | Entered Level 1 of the Lair of Beasts
 11194 | Lair:2   | Found a hole to the Spider Nest.
 11508 | Lair:2   | Reached XP level 12. HP: 112/112 MP: 11/11
 11529 | Lair:2   | Noticed an eight-headed hydra
 11538 | Lair:2   | Killed a 12-headed hydra
 11538 | Lair:2   | Reached skill level 16 in Axes
 11675 | Lair:2   | Found a staircase to the Shoals.
 12736 | Lair:3   | Noticed Harold
 12741 | Lair:3   | Noticed a seven-headed hydra
 12754 | Lair:3   | Killed a 13-headed hydra
 13021 | Lair:3   | Killed Harold
 13682 | Lair:4   | Got a flickering granite ring
 13728 | Lair:4   | Identified the ring "Tiwet" {rElec rF++ Slay+2 Stlth-} (You found it on level 4 of the Lair of Beasts)
 13853 | Lair:4   | Reached skill level 17 in Axes
 15276 | Lair:5   | Found a staircase to the Slime Pits.
 15590 | Lair:6   | Entered Level 6 of the Lair of Beasts
 15590 | Lair:6   | Noticed a death yak
 15596 | Lair:6   | Reached XP level 13. HP: 108/122 MP: 12/12
 15704 | Lair:5   | Reached skill level 18 in Axes
 16790 | Lair:6   | Reached ***** piety under Trog
 16861 | Lair:6   | Reached skill level 19 in Axes
 16929 | Lair:6   | Got a wavering graven amulet
 17028 | Lair:6   | Identified the amulet of Agnosticism {-Tele +Rage rC++ Str+2 Int+2} (You found it on level 6 of the Lair of Beasts)
 17065 | Lair:6   | Received a gift from Trog
 17697 | Lair:6   | Found a runed door.
 17785 | Lair:6   | Reached XP level 14. HP: 125/133 MP: 4/13
 18032 | Lair:6   | Got a pair of twisted gloves
 19355 | D:11     | Found a staircase to the Orcish Mines.
 20180 | D:12     | Noticed Snorg
 20190 | D:12     | Killed Snorg
 20208 | D:12     | Reached skill level 15 in Fighting
 20210 | D:12     | HP: 5/135 [cyclops/large rock (15)]
 20211 | D:12     | Hit by a large rock thrown by a cyclops

Vault maps used:
D:1:      evilmike_arrival_rings, minmay_tetromino_o4
D:2:      nemelex_xobeh_ov_fountains_minmay, marbit_many_paths,
          lemuel_doored_altar, okawaru_metal_pillars_1_2
D:3:      regret_index_temple_of_mockery, overflow_temple_1_default,
          nicolae_ru_great_annihilating_truth, grunt_temple_overflow_open,
          nicolae_qazlal_general_emergency
D:4:      kennysheep_mini_moat, first_ration, minmay_misc_feat_alley,
          nemelex_lonely_heart_becter, uniq_crazy_yiuf_cottage
D:5:      nicolae_overflow_crystal_walls, serial_shops, nicolae_shop_stone,
          shop_fountains
D:6:      minmay_temple_entry_glassed_door, grunt_gozag_statues
D:7:      lemuel_coloured_pillars_altar, uniq_duvessa
D:8:      nicolae_overflow_hidden_temple, minmay_lair_entry_grove,
          enter_bailey_3, uniq_joseph, uniq_gastronok, uniq_maurice
D:9:      the_bakery, roderic_lattice_a, hangedman_abyss_or_decor_passed
D:10:     serial_shops, shop_statue, basic_altar, nicolae_water_bricks,
          bloody_makhleb
D:11:     erik_orc_2, serial_glass, glass_columns_b, glass_columns_b,
          glass_columns_a, glass_columns_b, glass_columns_c, glass_columns_b,
          glass_columns_c, glass_columns_a, glass_columns_b, glass_columns_b,
          glass_columns_a, glass_columns_b, glass_columns_c, glass_columns_b
D:12:     special_room, uniq_snorg
Temple:   nicolae_temple_figure_zero
Lair:2:   elwin_shoals_entry_stream, spider_nest_entry_webs,
          infiniplex_staircase_pool_2, grunt_megastairs_3, lemuel_fruit_fields,
          lemuel_fruit_tree
Lair:3:   uniq_harold
Lair:4:   serial_bayou_lake_a, grunt_megastairs_4
Lair:5:   dpeg_slime_entry_corner, grunt_megastairs_2
Lair:6:   wormcave, hangedman_lair_caniforms_friends,
          nicolae_lair_grove_arrangements
Bailey:   bailey_polearm_2, bailey

Skill      XL: |  1  2  3  4  5  6  7  8  9 10 11 12 13 14 |
---------------+-------------------------------------------+-----
Axes           | 4 6 7 8 10 12 14 15 17 19 | 19.8
Fighting       | 4 5 6 7 9 10 12 13 14 15 | 15.0
Armour         | 3 4 5 6 7 9 10 11 13 14 | 14.8
Dodging        | |  2.1

Action                   |  1- 3 |  4- 6 |  7- 9 | 10-12 | 13-15 || total
-------------------------+-------+-------+-------+-------+-------++-------
Melee: Hand axe          |    78 |   145 |     7 |       |       ||   230
       Headbutt          |    14 |    20 |    35 |    86 |    85 ||   240
       War axe           |       |       |    91 |       |       ||    91
       Battleaxe         |       |       |    70 |   418 |   379 ||   867
Throw: Stone             |    18 |    47 |    12 |    42 |    46 ||   165
       Javelin           |       |       |    34 |    52 |       ||    86
       Tomahawk          |       |       |       |   139 |   162 ||   301
Invok: Berserk           |       |     2 |     6 |     7 |     7 ||    22
       Trog's Hand       |       |       |     2 |     5 |     5 ||    12
       Brothers in Arms  |       |       |       |     2 |     4 ||     6
       Burn Spellbooks   |       |       |       |       |     2 ||     2
  Use: Scroll            |       |     4 |     3 |     4 |     8 ||    19
       Potion            |       |       |       |     2 |     1 ||     3
 Stab: Paralysed         |       |     1 |       |       |       ||     1
  Eat: Chunk             |     1 |     8 |    10 |    26 |    20 ||    65
       Ration            |       |     1 |     2 |     3 |     1 ||     7
Armor: Animal skin       |     2 |       |       |       |       ||     2
       Ring mail         |    15 |       |       |       |       ||    15
       Chain mail        |    17 |    78 |   103 |    33 |       ||   231
       Plate armour      |       |       |       |   278 |   286 ||   564
Dodge: Dodged            |    43 |    59 |    79 |   167 |   176 ||   524

Table legend:
 A = Spawn XP
 B = Non-spawn XP
 C = Spawn XP percentage of total XP
 D = Spawn monster count
 E = Non-spawn monster count
 F = Spawn count percentage of total count
 G = Total turns spent on level
                    A         B        C        D         E        F      G
               +---------+---------+-------+---------+---------+-------+---------
         Total |       0 |   77351 |   0.0 |       0 |     483 |   0.0 | 20211
               +---------+---------+-------+---------+---------+-------+---------
           D:1 |       0 |      40 |   0.0 |       0 |      22 |   0.0 |   936
           D:2 |       0 |     101 |   0.0 |       0 |      25 |   0.0 |   863
           D:3 |       0 |     251 |   0.0 |       0 |      15 |   0.0 |   936
           D:4 |       0 |     325 |   0.0 |       0 |      15 |   0.0 |  1379
           D:5 |       0 |     496 |   0.0 |       0 |       9 |   0.0 |   963
           D:6 |       0 |    1149 |   0.0 |       0 |      26 |   0.0 |   995
           D:7 |       0 |    2019 |   0.0 |       0 |      23 |   0.0 |  1669
           D:8 |       0 |    7402 |   0.0 |       0 |      38 |   0.0 |   888
           D:9 |       0 |    2705 |   0.0 |       0 |      24 |   0.0 |   814
          D:10 |       0 |    1531 |   0.0 |       0 |       8 |   0.0 |   660
          D:11 |       0 |    4840 |   0.0 |       0 |      57 |   0.0 |  1478
          D:12 |       0 |    3795 |   0.0 |       0 |      13 |   0.0 |   138
        Lair:1 |       0 |    2963 |   0.0 |       0 |      15 |   0.0 |   967
        Lair:2 |       0 |    5973 |   0.0 |       0 |      25 |   0.0 |  1535
        Lair:3 |       0 |    4671 |   0.0 |       0 |      17 |   0.0 |   937
        Lair:4 |       0 |    2584 |   0.0 |       0 |      13 |   0.0 |   784
        Lair:5 |       0 |   11215 |   0.0 |       0 |      38 |   0.0 |  1585
        Lair:6 |       0 |   25285 |   0.0 |       0 |      98 |   0.0 |  2517
        Bailey |       0 |       6 |   0.0 |       0 |       2 |   0.0 |    47
               +---------+---------+-------+---------+---------+-------+---------
